 Dungeon Crawl Stone Soup version 0.28.0-45-g0d030f2227 (webtiles) character file.

Game seed: 14685172111806302788

527 leafyfresh the Changer (level 7, 0/48 HPs)
             Began as a Merfolk Transmuter on Apr 8, 2022.
             Slain by a quasit (2 damage)
             ... summoned by Eustachio
             ... on level 4 of the Dungeon.
             The game lasted 00:06:50 (5720 turns).

leafyfresh the Changer (Merfolk Transmuter)         Turns: 5720, Time: 00:06:51

Health: 0/48       AC:  2    Str: 10      XL:     7   Next: 23%
Magic:  8/10       EV: 20    Int: 12      God:
Gold:   248        SH:  0    Dex: 18 (22) Spells: 2/10 levels left

rFire   . . .      SeeInvis .     - Unarmed
rCold   . . .      Faith    .   (shield currently unavailable)
rNeg    . . .      Spirit   .   (armour currently unavailable)
rPois   x          Reflect  .   (helmet currently unavailable)
rElec   .          Harm     .   (cloak currently unavailable)
rCorr   .          Rampage  .   (gloves currently unavailable)
Will    +....                   (boots currently unavailable)
Stlth   ++........              (no amulet)
HPRegen 0.16/turn               s - ring of willpower
MPRegen 0.12/turn               (no ring)

@: brilliant, spider-form (expiring)
A: venomous fangs, tiny, (nimble swimmer 2), (mertail)
a: End Transformation


You were on level 4 of the Dungeon.
You were a venomous arachnid creature.
You visited 1 branch of the dungeon, and saw 4 of its levels.

You collected 248 gold pieces.

Inventory:

Hand Weapons
 r - the +7 war axe of Broken Luck (melded) {venom, rElec rPois Str+2}
   (You found it on level 3 of the Dungeon)

   It poisons the flesh of those it strikes.
   Str:       It affects your strength (+2).
   rElec:     It insulates you from electricity.
   rPois:     It protects you from poison.
Missiles
 d - 3 boomerangs of dispersal (quivered)
Armour
 a - a +0 robe (melded)
 i - an orb of mayhem
Jewellery
 s - a ring of willpower (left front leg)
Wands
 p - a wand of iceblast (11)
Scrolls
 b - a scroll of teleportation {unknown}
 c - 2 scrolls of amnesia
 e - 2 scrolls of identify {unknown}
 g - a scroll of noise {unknown}
 j - a scroll of enchant armour {unknown}
 k - a scroll of immolation {unknown}
 m - a scroll of torment {unknown}
Potions
 f - a potion of degeneration {unknown}
 h - a potion of mutation {unknown}
 l - a potion of invisibility {unknown}
 n - a potion of might {unknown}
 o - a potion of flight {unknown}


   Skills:
 - Level 1.1 Fighting
 + Level 0.2 Axes
 - Level 3.0 Dodging
 - Level 3.7 Unarmed Combat
 - Level 2.1 Spellcasting
 + Level 7.5 Transmutations
 + Level 4.7 Poison Magic


You had 2 spell levels left.
You knew the following spells:

 Your Spells              Type           Power      Damage    Failure   Level
a - Beastly Appendage     Tmut           58%        N/A       6%          1
b - Spider Form           Tmut/Pois      24%        N/A       17%         3
c - Ice Form              Ice/Tmut       15%        N/A       71%         4

Your spell library contained the following spells:

 Spells                   Type           Power      Damage    Failure   Level
 Wereblood                Tmut           29%        N/A       8%          2


Dungeon Overview and Level Annotations

Branches:
Dungeon (4/15)
 Temple: D:4-7

Altars:

Shops:
D:3 (

Annotations:
D:4 Dowan, Eustachio, Sigmund


Innate Abilities, Weirdness & Mutations

You are a venomous arachnid creature.
You have poisonous fangs.
You are tiny and dextrous.
Your spellcasting is less reliable in this form.
Your armour is entirely melded.
You are incapable of wielding weapons or throwing items.
((You are very nimble when in or above water. (Stealth+, EV+, Speed+++)))
((Your lower body shifts to a powerful aquatic tail in water.))


Message History

The quasit barely misses you.
Unknown command.
You hit Eustachio.
Eustachio is moderately wounded.
Your transformation is almost over.
The bat misses you. The quasit bites you. The quasit barely misses you.
The quasit misses you. Eustachio hits you with a +0 falchion!
Unknown command.
You hit Eustachio but do no damage.
Eustachio looks as sick as possible!
Eustachio is moderately wounded.
The bat hits you but does no damage. The quasit completely misses you.
The quasit claws you but does no damage.
The quasit completely misses you. Eustachio hits you with a +0 falchion!
* * * LOW HITPOINT WARNING * * *
The quasit misses you. The quasit closely misses you.
The quasit completely misses you. The bat completely misses you.
Unknown command.
The bat misses you.
Unknown command.
You bite Eustachio!
Eustachio looks as sick as possible!
Eustachio is severely wounded.
The bat hits you but does no damage.
Eustachio casts a spell.
The quasit bites you but does no damage.
The quasit closely misses you. The quasit claws you.
* * * LOW HITPOINT WARNING * * *
The bat completely misses you. The bat completely misses you.
The hobgoblin hits you.
* * * LOW HITPOINT WARNING * * *
The quokka misses you. The bat closely misses you. The quasit bites you.
* * * LOW HITPOINT WARNING * * *
The quasit completely misses you. The quasit closely misses you.
Unknown command.
It was a potion of brilliance.
You feel clever all of a sudden. The bat hits you but does no damage.
The hobgoblin misses you. The quokka completely misses you.
The quasit barely misses you. The quasit misses you. The quasit claws you.
You die...

... #.#
###.###.##
.........#
.........#
###.####.###.#
#.##.......#
#.#....###.#
#bg...........
#s5@...###....
##rr...# ..
##r..## #####


You could see Eustachio (extremely poisoned), a quasit (summoned), a quokka
(summoned), a hobgoblin, a bat (summoned) and 2 rats.

Vanquished Creatures
  Edmund (D:4)
  Duvessa (D:4)
  An ogre (D:4)
  4 gnolls (D:3)
  9 adders
  A worm (D:2)
  4 dart slugs
  4 orcs (D:3)
  9 bats
  8 endoplasms
  2 giant cockroaches (D:3)
  8 goblins
  4 hobgoblins
  7 jackals
  9 kobolds
  2 quokkas
  6 ball pythons
  A frilled lizard (D:3)
  7 rats
88 creatures vanquished.

Vanquished Creatures (others)
  2 toadstools (D:1)
2 creatures vanquished.

Grand Total: 90 creatures vanquished

Notes
Turn   | Place    | Note
-------+----------+-------------------------------------------
     0 | D:1      | leafyfresh the Merfolk Transmuter began the quest for the
                  | Orb.
     0 | D:1      | Reached XP level 1. HP: 15/15 MP: 3/3
   180 | D:1      | Reached XP level 2. HP: 20/21 MP: 5/5
   502 | D:1      | Reached skill level 3 in Transmutations
  1356 | D:2      | Reached XP level 3. HP: 18/26 MP: 4/6
  1529 | D:2      | Learned a level 3 spell: Spider Form
  1752 | D:2      | Reached skill level 4 in Transmutations
  2079 | D:2      | Reached XP level 4. HP: 15/32 MP: 7/7
  2623 | D:2      | Reached skill level 1 in Poison Magic
  2782 | D:2      | Reached skill level 5 in Transmutations
  3276 | D:2      | Reached XP level 5. HP: 36/37 MP: 4/8
  3604 | D:3      | Found Vanata's Weapon Emporium.
  3780 | D:3      | Found a faded altar of an unknown god.
  4097 | D:3      | Reached skill level 6 in Transmutations
  4624 | D:3      | Identified the +7 war axe of Broken Luck {venom, rElec
                  | rPois Str+2}
  4899 | D:4      | Noticed an ogre
  4909 | D:4      | Killed an ogre
  4910 | D:4      | Reached XP level 6. HP: 24/43 MP: 5/9
  5041 | D:4      | Noticed Dowan
  5042 | D:4      | Noticed Duvessa
  5043 | D:4      | Noticed Edmund
  5047 | D:4      | Noticed Sigmund
  5075 | D:4      | Killed Duvessa
  5076 | D:4      | Reached skill level 7 in Transmutations
  5218 | D:4      | Learned a level 4 spell: Ice Form
  5245 | D:4      | Killed Edmund
  5246 | D:4      | Reached XP level 7. HP: 13/48 MP: 10/10
  5704 | D:4      | Noticed Eustachio
  5719 | D:4      | HP: 2/48 [quasit[Eustachio] (1)]
  5720 | D:4      | Slain by a quasit

Illustrated notes

Levels and vault maps discovered:
D:1:      mainiacjoe_arrival_reflecting_pool, layout_loops_ring, st_stairs_14,
          minmay_misc_feat_diagonals, minmay_gold_behind_fungi,
          bh_walls_and_bars
D:2:      minmay_evil_eye, layout_loops_cross
D:3:      minmay_chambers_of_threes, layout_rooms, serial_shops, shop_statue,
          hellmonk_ecumenical_altar_slurped_away
D:4:      layout_loops_ring, chequers_temple_overflow_minitemple,
          minmay_temple_entry_arrows, uniq_sigmund, uniq_edmund, uniq_duvessa,
          uniq_eustachio

Skill      XL: |  1  2  3  4  5  6 |
---------------+-------------------+-----
Transmutations | 3 4 5 6 7 |  7.5
Dodging        | 3 |  3.0
Poison Magic   | 1 3 4 |  4.7
Fighting       | |  1.1
Axes           | |  0.2
Unarmed Combat | |  3.7
Spellcasting   | |  2.1

Action                   |  1- 3 |  4- 6 |  7- 9 || total
-------------------------+-------+-------+-------++-------
Melee: Unarmed           |    90 |   173 |     6 ||   269
       Headbutt          |     2 |       |       ||     2
       Punch             |       |     2 |       ||     2
       War axe           |       |     6 |     3 ||     9
 Cast: Beastly Appendage |     4 |     1 |       ||     5
       Spider Form       |     3 |    19 |     1 ||    23
  Use: Scroll            |       |     1 |       ||     1
       Potion            |       |       |     1 ||     1
 Stab: Sleeping          |     4 |     1 |       ||     5
Armor: Robe              |    11 |    16 |     3 ||    30
       Skin              |       |    10 |     8 ||    18
Dodge: Dodged            |    49 |   177 |    63 ||   289
